 Dungeon Crawl Stone Soup version 0.23.0 (webtiles) character file.

Game seed: 12554723598984726081

11045 poirepourri the Severer (level 11, -13/106 HPs)
             Began as a Deep Dwarf Fighter on Feb 15, 2019.
             Was an Elder of Makhleb.
             Mangled by an enormous slime creature (43 damage)
             ... on level 12 of the Dungeon.
             The game lasted 00:11:14 (8795 turns).

poirepourri the Severer (Deep Dwarf Fighter)        Turns: 8795, Time: 00:11:15

Health: -13/106    AC: 11    Str: 20    XL:     11   Next: 44%
Magic:  7/7        EV:  8    Int:  9    God:    Makhleb [****..]
Gold:   853        SH: 14    Dex: 15    Spells: 10/10 levels left

rFire    . . .     SeeInvis .   a - +3 war axe
rCold    . . .     Gourm    .   c - +3 shield
rNeg     + . .     Faith    .   b - +0 scale mail
rPois    .         Spirit   .   C - +0 helmet
rElec    .         Reflect  .   l - +1 cloak
rCorr    +         Harm     .   (no gloves)
MR       +....                  (no boots)
Stlth    ..........             d - macabre finger necklace {rN+}
HPRegen  0.00/turn              n - ring of flight
MPRegen  0.10/turn              w - +1 ring of protection
                                z - ring of resist corrosion

@: non-regenerating, hasted, very quick
A: damage resistance, heal wounds, sense surroundings 2, no regeneration
a: Heal Wounds, Minor Destruction, Lesser Servant of Makhleb, Major Destruction,
Renounce Religion, Evoke Flight


You were on level 12 of the Dungeon.
You worshipped Makhleb.
Makhleb was greatly pleased with you.
You were not hungry.

You visited 3 branches of the dungeon, and saw 15 of its levels.
You also visited: Ossuary.

You collected 853 gold pieces.

Inventory:

Hand Weapons
 a - a +3 war axe (weapon)
Missiles
 p - 18 tomahawks (quivered)
Armour
 b - a +0 scale mail (worn)
 c - a +3 shield (worn)
 l - a +1 cloak (worn)
 C - a +0 helmet (worn)
Jewellery
 d - the macabre finger necklace (around neck) {rN+}
   (You found it on level 8 of the Dungeon)

   [amulet of nothing]

   It protects you from negative energy.
 n - a ring of flight (left hand)
 w - a +1 ring of protection (right hand)
 z - a ring of resist corrosion (on amulet)
Wands
 g - a wand of iceblast (6)
 t - a wand of digging (6)
 v - a wand of flame (24)
 B - a wand of disintegration (19)
 D - a wand of paralysis (4)
Scrolls
 h - 11 scrolls of remove curse
 k - 2 scrolls of identify
 o - 5 scrolls of teleportation
 r - 2 scrolls of magic mapping
 s - 2 scrolls of blinking
Potions
 e - a potion of magic
 i - a potion of cancellation
 j - 4 potions of flight
 m - 2 potions of mutation
 q - 3 potions of haste
 u - a potion of agility
 x - a potion of invisibility {unknown}
 A - a potion of berserk rage
Miscellaneous
 y - a lamp of fire (inert)
Comestibles
 f - 14 rations


   Skills:
 - Level 9.0 Fighting
 - Level 15.0 Axes
 - Level 3.2 Armour
 + Level 7.8 Shields


You had 10 spell levels left.
You didn't know any spells.
Your spell library was empty.

Dungeon Overview and Level Annotations

Branches:
Dungeon (12/15)            Temple (1/1) D:5            Lair (0/6) D:10
    Orc (2/2) D:9
    Elf: Orc:2

Altars:
Ashenzari
Cheibriados
Dithmenos
Elyvilon
Fedhas
Gozag
Hepliaklqana
Kikubaaqudgha
Makhleb
Nemelex Xobeh
Okawaru
Qazlal
Ru
Sif Muna
Trog
Uskayaw
Vehumet
Wu Jian
Xom
Yredelemnul
Zin
The Shining One

Shops:
D:4 :   D:7 *   D:8 *

Annotations:
D:5 2 transporters, Menkaure


Innate Abilities, Weirdness & Mutations

You are resistant to damage.
You can heal yourself by infusing magical energy.
You passively map the area around you.
You do not regenerate.


Message History

You are too injured to fight recklessly!
You are too injured to fight recklessly!
You are too injured to fight recklessly!
You are too injured to fight recklessly!
You are too injured to fight recklessly!
You are too injured to fight recklessly!
You are too injured to fight recklessly!
You are too injured to fight recklessly!
You are too injured to fight recklessly!
You are too injured to fight recklessly!
Unknown command.
You slash the slime creature!
The slime creature is severely wounded.
You slash the very large slime creature!
You block the slime creature's attack. The very large slime creature hits you.
* * * LOW HITPOINT WARNING * * *
Two slime creatures merge to form an enormous slime creature.
You see here 9 sling bullets.
You feel yourself speed up. The enormous slime creature hits you!!!
You die...

...............
#................#
#................#
'.........[......#
#.###.....##* #..#
#.# #.....#####..#
#.# #............#
#.###............#
#...............@#
#...............J#
..##########.....#
. , #.....# , ,
#.###.# * , #.#
#(# , *, * , #.#
#.# , , #.# #.# ,
,, ,,#.# #.#


You could see an enormous slime creature.

Vanquished Creatures
  A two-headed ogre (D:9)
  Pikel (D:7)
  A cyclops (D:11)
  A centaur skeleton (D:10)
  2 komodo dragons
  A hornet (D:10)
  A troll (D:11)
  2 hippogriffs
  8 yaks
  A spriggan (D:7)
  2 wyverns
  2 hungry ghosts (D:9)
  A steam dragon (D:12)
  Grum (D:8)
  A warg (D:9)
  A water moccasin (D:7)
  2 porcupines (D:10)
  An ice beast (D:8)
  4 orc warriors
  4 phantoms
  2 slaves (D:7)
  2 black bears (D:10)
  2 eyes of draining
  2 necrophages (D:8)
  4 wolves (D:8)
  2 ogres
  3 centaurs
  2 crocodiles
  A big kobold (D:9)
  10 bullfrogs
  2 gnoll sergeants
  A wyvern zombie (D:10)
  A wyvern skeleton (D:5)
  4 scorpions
  4 howler monkeys
  2 crimson imps (D:9)
  A quasit (D:10)
  3 jellies
  5 hounds
  A bullfrog zombie (D:7)
  A bullfrog skeleton (D:5)
  5 human zombies (Ossuary)
  8 orc priests
  18 orc wizards
  6 worker ants
  3 hound zombies
  2 hound skeletons
  5 mummies
  A worker ant zombie (D:7)
  11 adders
  8 gnolls
  A howler monkey skeleton (D:5)
  3 shadow imps
  An ooze (D:2)
  3 adder zombies
  5 worms
  A dart slug (D:2)
  3 leopard geckos
  47 orcs
  5 giant cockroaches
  A gnoll zombie (Ossuary)
  7 goblins
  11 hobgoblins
  10 kobolds
  3 quokkas
  8 bats
  4 frilled lizards
  A goblin zombie (D:6)
  A hobgoblin zombie (D:6)
  A jackal zombie (Ossuary)
  A kobold zombie (Ossuary)
  An orc zombie (Ossuary)
  A quokka skeleton (D:4)
  6 rats
285 creatures vanquished.

Vanquished Creatures (others)
  20 fungi (D:10)
  3 plants (D:10)
23 creatures vanquished.

Grand Total: 308 creatures vanquished

Notes
Turn   | Place    | Note
-------+----------+-------------------------------------------
     0 | D:1      | poirepourri the Deep Dwarf Fighter began the quest for the
                  | Orb.
     0 | D:1      | Reached XP level 1. HP: 20/20 MP: 1/1
   132 | D:1      | Reached skill level 3 in Axes
   152 | D:1      | Reached XP level 2. HP: 27/27 MP: 2/2
   280 | D:1      | Reached XP level 3. HP: 31/33 MP: 3/3
   287 | D:1      | Reached skill level 4 in Axes
   439 | D:1      | You fall through a shaft!
   699 | D:2      | Reached XP level 4. HP: 23/40 MP: 4/4
   803 | D:2      | Reached skill level 5 in Axes
  1118 | D:2      | Found an ornate altar of the Wu Jian Council.
  1551 | D:3      | Found a radiant altar of Vehumet.
  1569 | D:3      | Reached XP level 5. HP: 40/46 MP: 5/5
  1739 | D:3      | Reached skill level 6 in Axes
  2015 | D:4      | Found Seqous Bevuo's Book Emporium.
  2206 | D:4      | Reached skill level 7 in Axes
  2212 | D:4      | Reached XP level 6. HP: 55/55 MP: 6/6
  2455 | D:5      | Entered Level 5 of the Dungeon
  2543 | D:5      | Noticed Menkaure
  2544 | D:5      | Found a basalt altar of Yredelemnul.
  2544 | D:5      | Found an ancient bone altar of Kikubaaqudgha.
  2556 | D:5      | Found a transporter.
  2566 | D:5      | Noticed a wraith
  2584 | D:5      | Found a hide-covered altar of Uskayaw.
  2587 | D:5      | Reached skill level 8 in Axes
  2608 | D:5      | Found a transporter.
  2625 | D:5      | Noticed a vampire
  2698 | D:5      | Found a staircase to the Ecumenical Temple.
  2710 | D:5      | Reached XP level 7. HP: 18/61 MP: 7/7
  2723 | Temple   | Entered the Ecumenical Temple
  2755 | Temple   | Became a worshipper of Makhleb the Destroyer
  3602 | D:6      | Reached skill level 9 in Axes
  3621 | D:6      | HP: 1/61 [orc priest/divine providence (10)]
  3771 | D:6      | Reached skill level 10 in Axes
  4032 | D:6      | Found a sand-covered staircase.
  4039 | Ossuary  | Entered an ossuary
  4057 | Ossuary  | Reached XP level 8. HP: 52/68 MP: 7/7
  4207 | Ossuary  | Reached * piety under Makhleb
  4437 | D:7      | Reached skill level 11 in Axes
  4449 | D:7      | Noticed a hippogriff
  4460 | D:7      | Killed a hippogriff
  4463 | D:7      | Reached skill level 12 in Axes
  4539 | D:7      | Noticed Pikel
  4564 | D:7      | Killed Pikel
  4564 | D:7      | Reached skill level 13 in Axes
  4564 | D:7      | Gained mutation: You passively map the area around you.
                  | [Deep Dwarf growth]
  4564 | D:7      | Reached XP level 9. HP: 51/74 MP: 7/7
  4773 | D:7      | Found Joptaig's General Store.
  4811 | D:7      | Found a blossoming altar of Fedhas.
  5035 | D:7      | Found a deep blue altar of Sif Muna.
  5222 | D:8      | Found a glowing golden altar of the Shining One.
  5258 | D:8      | Reached skill level 14 in Axes
  5330 | D:8      | Found an opulent altar of Gozag.
  5342 | D:8      | Noticed Grum
  5358 | D:8      | Killed Grum
  5568 | D:8      | Found the macabre finger necklace {rN+}
  5574 | D:8      | Reached ** piety under Makhleb
  5574 | D:8      | Reached skill level 15 in Axes
  5574 | D:8      | Reached XP level 10. HP: 46/81 MP: 7/7
  5668 | D:8      | Found Riohojil's Assorted Antiques.
  5934 | D:9      | Noticed a two-headed ogre
  5945 | D:9      | Killed a two-headed ogre
  5947 | D:9      | Reached skill level 5 in Fighting
  6437 | D:9      | Reached *** piety under Makhleb
  6463 | D:9      | Found a staircase to the Orcish Mines.
  6596 | D:10     | Entered Level 10 of the Dungeon
  6664 | Orc:1    | Entered Level 1 of the Orcish Mines
  6856 | Orc:2    | Entered Level 2 of the Orcish Mines
  6863 | Orc:2    | Noticed an ettin
  7238 | D:10     | Reached XP level 11. HP: 72/104 MP: 7/7
  7446 | D:10     | Reached **** piety under Makhleb
  7446 | D:10     | Reached skill level 5 in Shields
  7456 | D:10     | Found a staircase to the Lair.
  8795 | D:12     | Mangled by an enormous slime creature

Skill      XL: |  1  2  3  4  5  6  7  8  9 10 11 |
---------------+----------------------------------+-----
Axes           | 3 4 5 7 8 10 13 15 | 15.0
Fighting       | 8 9 |  9.0
Shields        | 7 |  7.8
Armour         | |  3.2

Action                   |  1- 3 |  4- 6 |  7- 9 | 10-12 || total
-------------------------+-------+-------+-------+-------++-------
Melee: War axe           |    79 |   188 |   321 |   385 ||   973
 Abil: Heal Wounds       |       |     1 |    12 |     4 ||    17
Evoke: Wand              |       |       |     2 |     4 ||     6
       Lamp of fire      |       |       |       |     1 ||     1
  Use: Scroll            |     4 |     8 |    11 |     2 ||    25
       Potion            |       |     1 |     7 |     7 ||    15
  Eat: Ration            |       |     2 |     3 |     4 ||     9
       Chunk             |       |       |       |     1 ||     1
Armor: Scale mail        |    41 |    87 |   126 |   111 ||   365
       Skin              |       |       |       |     3 ||     3
Dodge: Dodged            |    27 |    48 |    65 |    76 ||   216
Block: Shield            |    35 |   111 |   199 |   213 ||   558
